 Dungeon Crawl Stone Soup version 0.31.0-11-ge490571c62 (webtiles) character file.

Game seed: 5695046287710744085

194 Aldia the Sneak (level 5, -4/28 HPs)
             Began as a Vampire Enchanter on Feb 1, 2024.
             Slain by an iguana (9 damage)
             ... on level 4 of the Dungeon.
             The game lasted 00:05:31 (2611 turns).

Aldia the Sneak (Vampire Enchanter)                 Turns: 2611, Time: 00:05:32

Health: -4/28      AC:  3    Str:  7    XL:     5   Next: 44%
Magic:  1/8        EV: 12    Int: 17    God:
Gold:   105        SH:  0    Dex: 17    Spells: 0/8 levels left

rFire   . . .        a - +1 dagger
rCold   + + .        (no shield)
rNeg    + + +        b - +0 robe
rPois   ∞            (no helmet)
rElec   .            (no cloak)
rCorr   +            i - +0 pair of gloves
SInv    +            (no boots)
Will    .....        (no amulet)
Stlth   ++++++       h - ring of resist corrosion
HPRegen 0.00/turn    (no ring)
MPRegen 0.11/turn

%: no passive effects
@: very slightly contaminated, bloodless, inhibited regen, invisible
A: bloodless, fangs 3, see invisible, vampiric 2
a: Bat Form, Revivify


You were on level 4 of the Dungeon.
You visited 1 branch of the dungeon, and saw 4 of its levels.

You collected 105 gold pieces.

Inventory:

Hand Weapons
 a - a +1 dagger (weapon)
Armour
 b - a +0 robe (worn)
 i - a +0 pair of gloves (worn)
 k - a scarf of harm
Jewellery
 e - an amulet of faith
 h - a ring of resist corrosion (left hand)
 m - a ring of protection from cold
Scrolls
 g - 5 scrolls of teleportation
 j - a scroll of noise {unknown}
 l - a scroll of vulnerability {unknown}
 p - a scroll of immolation {unknown}
Potions
 c - 3 potions of invisibility
 d - a potion of lignification {unknown}
 f - a potion of curing
 n - a potion of might
 o - a potion of degeneration {unknown}


   Skills:
 * Level 3.9 Short Blades
 - Level 2.1 Dodging
 * Level 7.1 Stealth
 - Level 2.0 Spellcasting
 - Level 5.0 Hexes
 - Level 1.0 Ice Magic


You couldn't memorise any spells.
You knew the following spells:

 Your Spells              Type           Power      Damage    Failure   Level
a - Ensorcelled Hibernat  Hex/Ice        22%        N/A       9%          2
b - Confusing Touch       Hex            18%        N/A       8%          3
c - Tukima's Dance        Hex            18%        N/A       8%          3

Your spell library contained the following spells:

 Spells                   Type           Power      Damage    Failure   Level
 Dazzling Flash           Conj/Hex       20%        N/A       21%         3
 Sublimation of Blood     Necr           1%         N/A       28%         2
 Frozen Ramparts          Ice            10%        1d2       36%         3
 Volatile Blastmotes      Fire/Tloc      2%         2d10      50%         3
 Metabolic Englaciation   Hex/Ice        5%         N/A       83%         5
 Leda's Liquefaction      Alch/Erth      0%         N/A       88%         4
 Petrify                  Alch/Erth      1%         N/A       88%         4
 Irradiate                Conj/Alch      0%         3d11      99%         5
 Starburst                Conj/Fire      0%         6d3       100%        6
 Maxwell's Capacitive Co  Air            0%         ∞         100%        8


Dungeon Overview and Level Annotations

Branches:
Dungeon (4/15)
 Temple: D:4-7

Altars:


Innate Abilities, Weirdness & Mutations

You do not regenerate when monsters are visible.
You are frail without blood (-20% HP).
You can heal yourself when you bite living creatures.
You are immune to poison.
You have razor-sharp teeth.
You have supernaturally acute eyesight. (SInv)
You are afflicted with vampirism and can become a bat while bloodless.


Message History

Aiming: Ensorcelled Hibernation (safe; 9% risk of failure)
Press: ? - help, Shift-Dir - straight line, f - orc
Aim: an orc, wielding a +0 club (chance to affect: 62%)
The orc looks drowsy...
The orc hits you but does no damage.
Unknown command.
Unknown command.
The helpless orc fails to defend itself.
You bite the orc, and draw its blood!
You feel better.
You stick the orc like a pincushion!!!
You kill the orc!
The orc misses you.
You hit the orc but do no damage. You bite the orc.
You draw the orc's blood!
The orc is heavily wounded.
The orc hits you with a +0 whip.
Casting: Ensorcelled Hibernation (safe; 9% risk of failure)
Confirm with . or Enter, or press ? or * to list all spells.
Aiming: Ensorcelled Hibernation (safe; 9% risk of failure)
Press: ? - help, Shift-Dir - straight line, f - iguana
Aim: an iguana (chance to affect: 53%)
You miscast Ensorcelled Hibernation.
You are very lightly contaminated with residual magic.
Nothing appears to happen.
The iguana misses you. The orc closely misses you.
Unknown command.
Casting: Ensorcelled Hibernation (safe; 9% risk of failure)
Confirm with . or Enter, or press ? or * to list all spells.
Aiming: Ensorcelled Hibernation (safe; 9% risk of failure)
Press: ? - help, Shift-Dir - straight line, f/p - iguana
Aim: an iguana (chance to affect: 53%)
The iguana resists with significant effort.
The iguana bites you. The orc hits you with a +0 whip.
You hit the orc but do no damage.
The orc is heavily wounded.
The iguana closely misses you. The orc hits you with a +0 whip.
You hit the orc.
You kill the orc!
The iguana bites you!
* * * LOW HITPOINT WARNING * * *
You fade into invisibility!
The iguana bites you!
You die...

#..###..##.....
####........(.....
#.#..........#....
###...##.....#.###..
#..?(........#.# #..
. ..#............#
#..
...####...##....#.##
...
#.........##...#...
...##.@...#.......#.
......)l).....##...#
...............#..#
...........##### .#
.........?.#
#...........
.##........##
####...#..


You could see an iguana (unable to see you).

Vanquished Creatures
  An orc priest (D:3)
  An iguana (D:4)
  An orc wizard (D:2)
  3 adders
  A dart slug (D:1)
  2 ribbon worms
  14 orcs
  5 endoplasms
  2 giant cockroaches (D:1)
  6 goblins
  5 hobgoblins
  6 jackals
  7 kobolds
  A quokka (D:1)
  3 ball pythons
  6 bats
  A frilled lizard (D:3)
  3 rats
68 creatures vanquished.

Notes
Turn   | Place    | Note
-------+----------+-------------------------------------------
     0 | D:1      | Aldia the Vampire Enchanter began the quest for the Orb.
     0 | D:1      | Reached XP level 1. HP: 13/13 MP: 3/3
   398 | D:1      | Reached XP level 2. HP: 15/15 MP: 5/5
   502 | D:1      | Reached skill level 5 in Stealth
   936 | D:2      | Learned a level 2 spell: Ensorcelled Hibernation
   964 | D:2      | Gained mutation: You are afflicted with vampirism and can
                  | become a bat while bloodless. [Vampire growth]
   964 | D:2      | Reached XP level 3. HP: 18/19 MP: 6/6
  1255 | D:2      | Found a faded altar of an unknown god.
  1513 | D:2      | Reached skill level 1 in Ice Magic
  1513 | D:2      | Reached XP level 4. HP: 24/24 MP: 7/7
  1521 | D:2      | Reached skill level 6 in Stealth
  1535 | D:2      | Learned a level 3 spell: Confusing Touch
  2037 | D:3      | Reached skill level 5 in Hexes
  2090 | D:3      | Reached XP level 5. HP: 28/28 MP: 3/8
  2102 | D:3      | Learned a level 3 spell: Tukima's Dance
  2539 | D:4      | Reached skill level 7 in Stealth
  2611 | D:4      | Slain by an iguana

Illustrated notes

Levels and vault maps discovered:
D:1:      reono_arrival_mine, layout_loops_cross, serial_forest,
          infiniplex_forest_straight_1, infiniplex_forest_straight_5,
          infiniplex_forest_straight_4, infiniplex_forest_clump_curved,
          infiniplex_forest_straight_3, infiniplex_forest_lined_3_way,
          infiniplex_forest_end_3, hangedman_feature_mirror, hex_large
D:2:      layout_loops_cross, ebering_ecumenical_altar_abandoned
D:3:      layout_rooms
D:4:      layout_cave_pools, mainiacjoe_overflow_concentric_impassable,
          ebering_ghost_inner_flame, serial_library_hellmonk_h_bend

Skill      XL: |  1  2  3  4  5 |
---------------+----------------+-----
Stealth        | 5 6 7 |  7.1
Short Blades   | 2 3 |  3.9
Ice Magic      | 1 |  1.0
Hexes          | 5 |  5.0
Dodging        | |  2.1
Spellcasting   | |  2.0

Action                     |  1- 3 |  4- 6 || total
---------------------------+-------+-------++-------
  Melee: Dagger            |    83 |    82 ||   165
         Bite              |     4 |     9 ||    13
   Cast: Ensorcelled Hiber |     5 |    15 ||    20
Ability: Exsanguinate      |     1 |       ||     1
    Use: Scroll            |     1 |     2 ||     3
         Potion            |       |     1 ||     1
   Stab: Sleeping          |    17 |    17 ||    34
 Armour: Robe              |    30 |    46 ||    76
  Dodge: Dodged            |    42 |    42 ||    84
